 Dungeon Crawl Stone Soup version 0.32-a0-791-gfc315c9ecd (webtiles) character file.

Game seed: 3131136554387699859

36 jasper the Changeling (level 3, -1/20 HPs)
             Began as a Deep Elf Shapeshifter on Mar 20, 2024.
             Slain by a hobgoblin (2 damage)
             ... led by Robin
             ... on level 1 of the Dungeon.
             The game lasted 00:02:36 (1071 turns).

jasper the Changeling (Deep Elf Shapeshifter)       Turns: 1071, Time: 00:02:37

Health: -1/20      AC:  3    Str: 13    XL:     3   Next: 19%
Magic:  5/5        EV: 11    Int: 14    God:
Gold:   30         SH:  0    Dex: 14    Spells: 2/2 levels left

rFire   . .          .
                       - Unarmed
rCold   . . .        (no shield)
rNeg    . . .        h - +0 leather armour
rPois   .            (helmet currently unavailable)
rElec   .            (cloak currently unavailable)
rCorr   .            (gloves currently unavailable)
SInv    .            (boots currently unavailable)
Will    .....        (no amulet)
Stlth   +            (no ring)
HPRegen 0.23/turn    (no ring)
MPRegen 0.09/turn

%: no passive effects
@: beast-form
A: beast (slay +2)
a: Begin Untransformation


You were on level 1 of the Dungeon.
You were a hulking beast.
You visited 1 branch of the dungeon, and saw 2 of its levels.

You collected 30 gold pieces.

Inventory:

Missiles
 m - 2 stones
Armour
 a - a +0 animal skin
 h - a +0 leather armour (worn)
Talismans
 c - a beast talisman (active)
 d - a flux talisman
 f - a dragon-blood talisman
Scrolls
 g - a scroll of blinking {unknown}
 i - 2 scrolls of teleportation {unknown}
 k - a scroll of fear {unknown}
Potions
 b - a potion of lignification
 e - 2 potions of degeneration {unknown}
 j - a potion of invisibility {unknown}


   Skills:
 - Level 0.7 Fighting
 - Level 2.4 Dodging
 - Level 2.4 Unarmed Combat
 + Level 4.6 Shapeshifting


You had 2 spell levels left.
You didn't know any spells.
Your spell library was empty.

Dungeon Overview and Level Annotations

Branches:
Dungeon (2/15)

Altars:

Annotations:
D:2 Robin


Message History

You kill the goblin!
Robin zaps a wand.
The puff of flame hits you!
Ouch! That really hurt!
* * * LOW HITPOINT WARNING * * *
You climb upwards.
There is a stone staircase leading down here.
You take 12 damage, and have 2/20 hp.
MASSIVE DAMAGE!!
You start resting.
HP restored.
Health restored: 20 You climb downwards.
Level annotation: Robin The hobgoblin misses you.
The hobgoblin hits you.
There is a stone staircase leading up here.
You take 2 damage, and have 18/20 hp.
Robin zaps a wand.
The puff of flame hits you! The hobgoblin closely misses you. x2
You climb upwards.
There is a stone staircase leading down here.
You take 7 damage, and have 11/20 hp.
MASSIVE DAMAGE!!
You barely miss the hobgoblin. The hobgoblin hits you.
The hobgoblin barely misses you.
You take 1 damage, and have 10/20 hp.
You barely miss the hobgoblin. The hobgoblin hits you.
* * * LOW HITPOINT WARNING * * *
The hobgoblin closely misses you.
You take 4 damage, and have 6/20 hp.
You punch the hobgoblin!
You kill the hobgoblin!
The hobgoblin hits you.
* * * LOW HITPOINT WARNING * * *
You take 3 damage, and have 3/20 hp.
You barely miss the hobgoblin. Your punch misses the hobgoblin.
The hobgoblin hits you.
* * * LOW HITPOINT WARNING * * *
You take 2 damage, and have 1/20 hp.
You hit the hobgoblin.
The hobgoblin is heavily wounded.
The hobgoblin hits you.
You die...

#.# ### ## #.# #.# .# #.## #.# .#
#####..#########.# .#
#...............(# .#
#######..#########.###### .# #.#
#..# #......#
.###.#####..#########.####.#
............)...hg......##.#
.###.#......#######.#.#.##.#
.###.....................#.######
............#########.[#.#.##....
####.####...# #..#.#.##.... #.#
#...####### #..#.#.##.... #.#
#.........# #..#...##....
#.####...####### ##.....)'....
#........###...####.....##....


You could see a hobgoblin.

Vanquished Creatures
  A gnoll (D:1)
  A dart slug (D:1)
  2 bats (D:1)
  5 goblins (D:2)
  4 hobgoblins
  2 quokkas
  4 ball pythons (D:1)
  3 rats (D:1)
22 creatures vanquished.

Notes
Turn   | Place    | Note
-------+----------+-------------------------------------------
     0 | D:1      | jasper the Deep Elf Shapeshifter began the quest for the
                  | Orb.
     0 | D:1      | Reached XP level 1. HP: 11/11 MP: 3/3
   188 | D:1      | Reached XP level 2. HP: 14/16 MP: 4/4
   440 | D:1      | Reached skill level 4 in Shapeshifting
   822 | D:2      | Reached XP level 3. HP: 8/20 MP: 5/5
   904 | D:2      | Noticed Robin
  1070 | D:1      | HP: 1/20 [hobgoblin[Robin] (2)]
  1071 | D:1      | Slain by a hobgoblin

Illustrated notes

Levels and vault maps discovered:
D:1:      dpeg_arrival_round_c, layout_basic
D:2:      layout_basic, chequers_serial_rivers_room_a, uniq_robin

Skill      XL: |  1  2 |
---------------+-------+-----
Shapeshifting  | 4 |  4.6
Fighting       | |  0.7
Dodging        | |  2.4
Unarmed Combat | |  2.4

Action                     || total
---------------------------++-------
  Melee: Unarmed           ||    71
         Punch             ||     2
  Throw: Dart              ||     4
    Use: Potion            ||     1
 Armour: Animal skin       ||     6
         Leather armour    ||    42
         Skin              ||     2
  Dodge: Dodged            ||    52

Table legend: (Time is in decaauts)
 A = Elapsed time spent in this place.
 B = Non-inter-level travel time spent in this place.
 C = Inter-level travel time spent in this place.
 D = Time resting spent in this place.
 E = Time spent auto-exploring this place.
 F = Levels seen in this place.
 G = Mean time per level.
                   A        B        C        D        E       F      G
               +--------+--------+--------+--------+--------+-----+--------+
         Total |   1069 |   1039 |     30 |    189 |    603 |   2 |  534.5 |
       Dungeon |   1069 |   1039 |     30 |    189 |    603 |   2 |  534.5 |
               +--------+--------+--------+--------+--------+-----+--------+

Top non-repeatable levels by time:
     D:1: 898 daAuts
     D:2: 171 daAuts
